 Dungeon Crawl Stone Soup version 0.29.1-2-gbd0b4ee654 (webtiles) character file.

Game seed: 2214583387109422784

8 jamesblauser the Firebug (level 1, 0/14 HPs)
             Began as a Demigod Fire Elementalist on Nov 10, 2022.
             Slain by a rat (1 damage)
             ... on level 1 of the Dungeon.
             The game lasted 00:04:04 (915 turns).

jamesblauser the Firebug (Demigod Fire Elementalist) Turns: 915, Time: 00:04:05

Health: 0/14       AC:  6    Str:  9    XL:     1   Next: 80%
Magic:  0/5        EV:  8    Int: 17    God:
Gold:   68         SH:  0    Dex: 14    Spells: 2/3 levels left

rFire   . . .      SeeInvis .   (no weapon)
rCold   . . .      Faith    .   (no shield)
rNeg    . . .      Spirit   .   f - +0 scale mail
rPois   .          Reflect  .   (no helmet)
rElec   .          Harm     .   (no cloak)
rCorr   .          Rampage  .   (no gloves)
Will    .....                   (no boots)
Stlth   +.........              (no amulet)
HPRegen 0.04/turn               (no ring)
MPRegen 0.09/turn               (no ring)

@: very slightly contaminated
A: high MP 1, forlorn, divine attributes
a: no special abilities


You were on level 1 of the Dungeon.
You visited 1 branch of the dungeon, and saw 2 of its levels.

You collected 68 gold pieces.

Inventory:

Armour
 a - a +0 robe
 d - a +0 leather armour
 f - a +0 scale mail (worn)
Scrolls
 e - a scroll of identify
Potions
 b - a potion of magic
 c - 2 potions of curing
 g - a potion of attraction {unknown}


   Skills:
 + Level 1.9 Dodging
 + Level 1.7 Stealth
 + Level 1.7 Spellcasting
 + Level 1.0 Conjurations
 + Level 3.1 Fire Magic


You had 2 spell levels left.
You knew the following spells:

 Your Spells              Type           Power      Damage    Failure   Level
a - Foxfire               Conj/Fire      32%        2x1d5     58%         1

Your spell library contained the following spells:

 Spells                   Type           Power      Damage    Failure   Level
 Scorch                   Fire           24%        2d6       58%         2
 Conjure Flame            Conj/Fire      8%         6-21      91%         3
 Inner Flame              Hex/Fire       6%         N/A       95%         3
 Flame Wave               Conj/Fire      8%         2d5       100%        4


Dungeon Overview and Level Annotations

Branches:
Dungeon (2/15)


Innate Abilities, Weirdness & Mutations

You have an increased reservoir of magic. (+10% MP)
You shall have no god before yourself.
Your divine heritage dramatically boosts your attributes as you level up.


Message History

Nothing appears to happen.
The rat barely misses you.
Casting: Foxfire (safe; 58% risk of failure)
Press: ? - help, Q - select action Dir - look around, f - activate You miscast Foxfire.
Nothing appears to happen.
The rat barely misses you.
Casting: Foxfire (safe; 58% risk of failure)
Press: ? - help, Q - select action Dir - look around, f - activate You miscast Foxfire.
Nothing appears to happen.
The rat bites you but does no damage.
Casting: Foxfire (safe; 58% risk of failure)
Press: ? - help, Q - select action Dir - look around, f - activate You conjure some foxfire!
The rat barely misses you.
Your foxfire dissipates!
The rat attacks as you move away! The rat bites you but does no damage.
The rat attacks as you move away! The rat barely misses you.
The rat closely misses you.
Casting: Foxfire (safe; 58% risk of failure)
Press: ? - help, Q - select action Dir - look around, f - activate You conjure some foxfire!
The rat closely misses you.
Your foxfire dissipates!
The foxfire hits the rat but does no damage.
The rat is heavily wounded.
You don't have enough magic to cast this spell.
You don't have enough magic to cast this spell.
The rat bites you.
* * * LOW HITPOINT WARNING * * *
The rat bites you but does no damage.
Casting: Foxfire (safe; 58% risk of failure)
Press: ? - help, Q - select action Dir - look around, f - activate You miscast Foxfire.
Nothing appears to happen.
The rat bites you.
* * * LOW HITPOINT WARNING * * *
You don't have enough magic to cast this spell.
The rat bites you but does no damage. The rat closely misses you.
The rat attacks as you move away! The rat bites you.
You die...

*,* ######.# ##†####.
*,* #......# #.# ##
*,* #.####.# #.# *,*
#.# #.# **#.##** #.#
#.# #.# *,.....## #.#
#.# #.# *,#.##.#.
#.###.####.# *,#.##...
#.#.....##.# *,#.....†
#.#.†@..##.# *,####...
#.....r.##.# *,***#.#.
#####.......#*,*
*,,,...#.
#...........#*,*
***###*#.
#######.###.#######*,*
#. #...........# *,*
#. #.#####.##### *,*
## #.# #.# *,* * #.#
*#.#* *,* *


You could see a rat.

Vanquished Creatures
  A ball python (D:1)
  An endoplasm (D:1)
  A kobold (D:1)
  A quokka (D:1)
  A bat (D:1)
  A frilled lizard (D:1)
  2 rats (D:1)
8 creatures vanquished.

Vanquished Creatures (others)
  20 foxfires (D:1)
20 creatures vanquished.

Grand Total: 28 creatures vanquished

Notes
Turn   | Place    | Note
-------+----------+-------------------------------------------
     0 | D:1      | jamesblauser the Demigod Fire Elementalist began the quest
                  | for the Orb.
     0 | D:1      | Reached XP level 1. HP: 14/14 MP: 5/5
   439 | D:1      | Reached skill level 1 in Conjurations
   461 | D:1      | Reached skill level 3 in Fire Magic
   915 | D:1      | Slain by a rat

Illustrated notes

Levels and vault maps discovered:
D:1:      eino_arrival_druids_welcome, layout_loops_ring
D:2:      minmay_skewed_foursquare, layout_loops_corners, serial_undead,
          serial_undead_e, serial_undead_c, serial_undead_a, serial_undead_e

Skill      XL: |  1 |
---------------+----+-----
Conjurations   | 1 |  1.0
Fire Magic     | 3 |  3.1
Dodging        | |  1.9
Stealth        | |  1.7
Spellcasting   | |  1.7

Action                   || total
-------------------------++-------
Melee: Unarmed           ||     9
 Cast: Foxfire           ||    19
  Use: Scroll            ||     4
       Potion            ||     1
Armor: Scale mail        ||    12
       Leather armour    ||     4
Dodge: Dodged            ||    22
